AoeStats
← Pillage The Village

Yucatan

503438945Analyzed
3v3 RM · 1mo ago on Aug 31, 2026· 49m 15s· 6 players
Game mode
Random Map
Map size
Normal (6 player)
Population
200
Speed
Normal
Resources
Standard
Victory
Conquest
Starting age
Dark Age
Ending age
Imperial Age
RankedLock teamsTeams togetherTeam positionsShared explorationLock speedFull tech treeHidden civsTurbo modeCheats
Victory
Defeat
🇲🇽 Japanese · Mexico
1228
+14
🇺🇸 Lithuanians · United States
1213
+14
🇦🇺 Slavs · Australia
1202
+15
🇧🇪 Mongols · Belgium
1228
-17
🇧🇪 Chinese · Belgium
1189
-15
🇧🇪 Hindustanis · Belgium
1105
-11
TheHatefulN8
7:27 Loom
12:27 Feudal Age
17:18 Castle Age
15:55 Double-Bit Axe
17:15 Town Watch
18:48 Pikeman
21:17 Horse Collar
28:11 Detinets
29:03 Wheelbarrow
29:09 Bloodlines
29:10 Scale Barding Armor
30:52 Ballistics
32:12 Fletching
33:03 Bodkin Arrow
33:25 Murder Holes
34:46 Bow Saw
34:51 Gold Mining
39:14 Imperial Age
37:12 Masonry
39:29 Chain Barding Armor
40:55 Plate Barding Armor
41:23 Elite Boyar
43:11 Husbandry
44:20 Forging
45:05 Siege Engineers
48:21 Iron Casting
dLevantine
0:43 Loom
9:20 Feudal Age
9:46 Double-Bit Axe
13:05 Horse Collar
13:20 Stone Mining
13:21 Gold Mining
20:18 Castle Age
18:54 Horse Collar
19:42 Fletching
19:53 Padded Archer Armor
20:39 Wheelbarrow
21:08 Thumb Ring
22:27 Bow Saw
24:31 Heavy Plow
30:01 Leather Archer Armor
31:01 Bodkin Arrow
31:29 Ballistics
32:12 Bloodlines
32:02 Husbandry
33:31 Forging
35:53 Hand Cart
35:48 Squires
36:00 Pikeman
41:01 Imperial Age
43:15 Chemistry
42:16 Bracer
42:48 Ring Archer Armor
42:37 Heavy Cavalry Archer
43:42 Parthian Tactics
42:47 Capped Ram
43:48 Caravan
44:45 Halberdier
Jersey_TitanX
9:50 Feudal Age
10:20 Double-Bit Axe
12:40 Loom
15:51 Castle Age
15:46 Gold Mining
16:20 Scale Barding Armor
17:05 Bow Saw
23:44 Wheelbarrow
22:52 Horse Collar
24:49 Town Watch
26:06 Forging
29:02 Heavy Plow
28:33 Elite Skirmisher
29:18 Stone Mining
30:49 Chain Barding Armor
30:39 Husbandry
30:52 Bloodlines
31:54 Iron Casting
36:23 Imperial Age
35:37 Hand Cart
37:28 Conscription
36:31 Cavalier
38:59 Town Patrol
38:40 Pikeman
40:01 Halberdier
40:41 Squires
42:36 Scale Mail Armor
42:44 Elite Leitis
45:27 Chain Mail Armor
Myll_Barka
2:56 Loom
10:02 Feudal Age
15:52 Castle Age
13:43 Double-Bit Axe
14:40 Horse Collar
15:47 Bloodlines
15:57 Scale Barding Armor
17:50 Bow Saw
24:22 Wheelbarrow
25:42 Forging
29:15 Husbandry
28:38 Light Cavalry
30:28 Fletching
30:38 Padded Archer Armor
35:57 Bodkin Arrow
41:27 Imperial Age
39:16 Hand Cart
40:34 Gold Mining
40:34 Stone Mining
42:15 Ballistics
42:30 Heavy Cavalry Archer
43:26 Bracer
43:53 Hussar
48:42 Chain Barding Armor
Pillage The Village
0:39 Loom
10:48 Feudal Age
15:30 Castle Age
13:25 Double-Bit Axe
14:18 Gold Mining
14:58 Fletching
15:09 Padded Archer Armor
15:44 Crossbowman
25:57 Ballistics
28:16 Bow Saw
29:00 Bodkin Arrow
32:40 Leather Archer Armor
33:35 Gold Shaft Mining
35:03 Wheelbarrow
34:16 Horse Collar
36:22 Thumb Ring
41:07 Imperial Age
40:01 Hand Cart
39:31 Town Watch
41:54 Medium Warships
41:28 Arbalester
42:10 Bracer
42:40 Ring Archer Armor
43:43 Chemistry
43:45 Two-Man Saw
44:24 Heavy Warships
44:25 Stone Mining
45:45 Elite Fire Lancer
46:27 Scale Mail Armor
46:37 Forging
COMMANDER SANDER
11:04 Feudal Age
11:02 Loom
14:01 Gold Mining
15:28 Wheelbarrow
16:32 Double-Bit Axe
19:29 Castle Age
18:23 Horse Collar
18:58 Bloodlines
19:00 Scale Barding Armor
19:06 Forging
20:43 Husbandry
21:11 Bow Saw
21:50 Chain Barding Armor
22:38 Heavy Plow
26:30 Hand Cart
28:43 Town Watch
34:34 Imperial Age
33:01 Iron Casting
35:59 Conscription
35:41 Shatagni
35:10 Heavy Camel Rider
35:36 Elite Skirmisher
36:52 Town Patrol
36:59 Imperial Camel Rider
39:16 Gold Shaft Mining
39:54 Two-Man Saw
42:09 Padded Archer Armor
42:47 Plate Barding Armor
43:12 Blast Furnace
43:49 Padded Archer Armor
43:39 Fletching
46:54 Bodkin Arrow
47:15 Leather Archer Armor
Connection lost

Rejoining the realm…

Still unreachable

The connection could not be restored.

Session expired

The server has moved on; the page needs a fresh start.